 Dungeon Crawl Stone Soup version 0.28.0 (webtiles) character file.

Game seed: 8399593558529639198

5756 RighteousDevil the Basher (level 10, -4/66 HPs)
             Began as a Gargoyle Gladiator on Feb 18, 2022.
             Was a High Priest of Zin.
             Slain by a troll (6 damage)
             ... on level 10 of the Dungeon.
             The game lasted 00:13:11 (10827 turns).

RighteousDevil the Basher (Gargoyle Gladiator)     Turns: 10827, Time: 00:13:11

Health: -4/66      AC: 18    Str: 19    XL:     10   Next: 78%
Magic:  0/15       EV: 10    Int: 10    God:    Zin [*****.]
Gold:   203        SH:  0    Dex: 13    Spells: 9/9 levels left

rFire   . . .      SeeInvis .   a - +4 flail
rCold   . . .      Faith    .   (no shield)
rNeg    + . .      Spirit   +   f - +1 scale mail
rPois   ∞          Reflect  .   c - +2 helmet
rElec   +          Harm     .   (no cloak)
rCorr   +          Rampage  .   z - +0 pair of gloves {hurl}
Will    .....                   (no boots)
Stlth   ..........              y - amulet of guardian spirit
HPRegen 0.21/turn               k - ring of wizardry
MPRegen 0.14/turn               q - ring of resist corrosion

@: no status effects
A: sickness immunity, AC +7, negative energy resistance 1, electricity
resistance, torment resistance 1, petrification resistance
a: Renounce Religion, Recite, Vitalisation, Imprison, Sanctuary, Donate Gold


You were on level 10 of the Dungeon.
You worshipped Zin.
Zin was extremely pleased with you.
You visited 2 branches of the dungeon, and saw 11 of its levels.

You collected 450 gold pieces.
You spent 202 gold pieces at shops.
You donated 45 gold pieces to Zin.

Inventory:

Hand Weapons
 a - a +4 flail (weapon)
 b - a +0 flail
 A - a +0 fustibalus
Armour
 c - a +2 helmet (worn)
 f - a +1 scale mail (worn)
 n - a +0 pair of gloves
 z - a +0 pair of gloves of hurling (worn)
Jewellery
 k - a ring of wizardry (left hand)
 l - a ring of willpower
 q - a ring of resist corrosion (right hand)
 y - an amulet of guardian spirit (around neck)
Wands
 B - a wand of iceblast (9)
 C - a wand of flame (13)
 E - a wand of mindburst (5)
Scrolls
 d - a scroll of identify
 m - a scroll of vulnerability
 r - a scroll of amnesia
 t - a scroll of teleportation
 v - 2 scrolls of fog
 x - 2 scrolls of magic mapping
Potions
 e - a potion of haste
 g - 2 potions of invisibility
 h - 2 potions of lignification
 i - 2 potions of attraction
 j - 5 potions of flight
 o - a potion of degeneration {unknown}
 p - a potion of curing
 s - a potion of mutation {unknown}
 u - a potion of cancellation {unknown}
 w - a potion of heal wounds


   Skills:
 + Level 9.4 Fighting
 * Level 12.2 Maces & Flails
 - Level 1.7 Throwing
 - Level 2.4 Dodging
 + Level 6.9 Invocations


You had 9 spell levels left.
You didn't know any spells.
Your spell library contained the following spells:

 Spells                   Type           Power      Damage    Failure   Level
 Corpse Rot               Necr/Air       0%         N/A       56%         2
 Poisonous Vapours        Pois/Air       0%         N/A       56%         2
 Dazzling Flash           Conj/Hex       0%         N/A       78%         3
 Iskenderun's Mystic Bla  Conj/Tloc      0%         2d3       99%         4
 Starburst                Conj/Fire      0%         6d3       100%        6


Dungeon Overview and Level Annotations

Branches:
Dungeon (10/15)            Temple (1/1) D:6
   Lair: D:8-11         Orc: D:9-12

Altars:
Ashenzari
Cheibriados
Dithmenos
Elyvilon
Fedhas
Gozag
Hepliaklqana
Kikubaaqudgha
Makhleb
Nemelex Xobeh
Okawaru
Qazlal
Ru
Sif Muna
Trog
Uskayaw
Vehumet
Wu Jian
Xom
Yredelemnul
Zin
The Shining One

Shops:
D:3 :   D:7 [   D:8 *

Annotations:
D:6 2 transporters


Innate Abilities, Weirdness & Mutations

You are immune to sickness and miasma.
Your stone body is resilient. (AC +7)
You are immune to poison.
You resist negative energy. (rN+)
You are resistant to electric shocks. (rElec)
You are resistant to unholy torment.
You are immune to petrification.


Message History

The troll bites you!
The troll claws you but does no damage. x2
You barely miss the troll.
The troll is heavily wounded.
The troll bites you.
The troll claws you but does no damage. x2
Unknown command.
You closely miss the troll.
The troll is heavily wounded.
Unknown command.
You sock the troll!
The troll is severely wounded.
The troll closely misses you. The troll claws you. The troll claws you!
You are too injured to fight recklessly!
You hit the troll.
The troll is severely wounded.
The troll bites you but does no damage.
The troll claws you but does no damage. x2
You thump the troll!
The troll is almost dead.
The troll bites you!
* * * LOW HITPOINT WARNING * * *
The troll closely misses you. The troll claws you but does no damage.
Aiming: Throw Flame
Press: ? - help, Shift-Dir - straight line, f - troll
Aim: a troll (severely wounded, 68% to hit)
The puff of flame hits the troll.
The troll is almost dead.
Aiming: Throw Flame
Press: ? - help, Shift-Dir - straight line, f/p - troll
Aim: a troll (almost dead, 68% to hit)
The puff of flame hits the troll.
The troll is almost dead.
The troll bites you but does no damage. The troll claws you!
* * * LOW HITPOINT WARNING * * *
The troll claws you but does no damage.
Unknown command.
The troll bites you.
* * * LOW HITPOINT WARNING * * *
The troll claws you!
* * * LOW HITPOINT WARNING * * *
The troll claws you!
You die...

#....# #........ #..<.#
#........ #....# #...#####
#+####....# #...#
..........# ##########.###
..........# ###..........#
..........# #............#
......)...###............#
................@T.......#
.........................#
##.........).............#
#...........#######.....#
#...........# #.....#
#...........# #.....#
#..#####....# #.....# ###
#....# #.....# #######


You could see a troll.

Vanquished Creatures
  2 two-headed ogres
  A centaur warrior (D:9)
  An ugly thing (D:9)
  A wyvern (D:8)
  5 yaks (D:9)
  2 black bears
  An orc warrior (D:9)
  A necrophage (D:6)
  A hornet zombie (D:7)
  An ogre (D:7)
  2 centaurs
  A phantom (D:3)
  Blork the orc (D:4)
  A bullfrog (D:6)
  A scorpion (D:6)
  A water moccasin zombie (D:5)
  A water moccasin skeleton (D:7)
  9 killer bees (D:9)
  13 wights
  3 howler monkeys (D:7)
  A centaur zombie (D:8)
  2 bullfrog zombies
  A centaur skeleton (D:5)
  A jelly (D:4)
  A gnoll shaman (D:5)
  A bullfrog skeleton (D:7)
  5 hounds
  An orc priest (D:5)
  Jessica (D:3)
  2 orc wizards
  A howler monkey zombie (D:6)
  7 gnolls
  7 adders
  A white imp (D:7)
  An ufetubus (D:6)
  3 worms
  A dart slug (D:1)
  28 orcs
  7 endoplasms
  2 giant cockroaches
  7 goblins
  6 hobgoblins
  9 kobolds
  A quokka (D:2)
  10 ball pythons
  3 bats
  A frilled lizard (D:3)
  5 rats
165 creatures vanquished.

Notes
Turn   | Place    | Note
-------+----------+-------------------------------------------
     0 | D:1      | RighteousDevil the Gargoyle Gladiator began the quest for
                  | the Orb.
     0 | D:1      | Reached XP level 1. HP: 12/12 MP: 1/1
    77 | D:1      | Reached XP level 2. HP: 18/18 MP: 2/2
   659 | D:1      | Found a faded altar of an unknown god.
   667 | D:1      | Prayed at the altar of an unknown god.
   667 | D:1      | Became a worshipper of Elyvilon the Healer
   667 | D:1      | Reached * piety under Elyvilon
   870 | D:1      | Reached XP level 3. HP: 16/22 MP: 3/3
  1217 | D:2      | Reached ** piety under Elyvilon
  1232 | D:2      | Reached skill level 4 in Maces & Flails
  1241 | D:2      | Reached XP level 4. HP: 17/28 MP: 4/4
  2563 | D:3      | Reached XP level 5. HP: 30/32 MP: 5/5
  2588 | D:3      | Found Plog's Book Shoppe.
  2604 | D:3      | Noticed a phantom
  2634 | D:3      | Killed a phantom
  2635 | D:3      | Reached skill level 5 in Maces & Flails
  2949 | D:3      | Noticed Jessica
  2968 | D:3      | Killed Jessica
  2969 | D:3      | Reached XP level 6. HP: 33/38 MP: 6/6
  3468 | D:4      | Noticed a black bear
  3497 | D:4      | Killed a black bear
  3498 | D:4      | Reached skill level 6 in Maces & Flails
  3590 | D:4      | Reached *** piety under Elyvilon
  3953 | D:4      | Noticed Blork the orc
  3961 | D:4      | Killed Blork the orc
  3962 | D:4      | Reached XP level 7. HP: 35/44 MP: 7/7
  4187 | D:4      | Reached skill level 5 in Fighting
  4499 | D:5      | Entered Level 5 of the Dungeon
  4648 | D:5      | Reached **** piety under Elyvilon
  4655 | D:5      | Reached skill level 7 in Maces & Flails
  5980 | D:6      | Reached XP level 8. HP: 44/51 MP: 8/8
  6178 | D:6      | Reached skill level 8 in Maces & Flails
  6246 | D:6      | Found a staircase to the Ecumenical Temple.
  6285 | Temple   | Entered the Ecumenical Temple
  6625 | Temple   | Fell from the grace of Elyvilon
  6625 | Temple   | Became a worshipper of Zin the Law-Giver
  6625 | Temple   | Reached * piety under Zin
  6625 | Temple   | Reached ** piety under Zin
  6625 | Temple   | Reached *** piety under Zin
  6705 | D:6      | Reached skill level 1 in Invocations
  7096 | D:6      | Noticed a gargoyle
  7097 | D:6      | Found a transporter.
  7097 | D:6      | Noticed a hornet
  7097 | D:6      | Noticed a gargoyle
  7098 | D:6      | Found a transporter.
  7099 | D:6      | Noticed a hornet
  7120 | D:6      | Reached skill level 9 in Maces & Flails
  7120 | D:6      | Found a shimmering blue altar of Sif Muna.
  7397 | D:7      | Found Costite's Antique Armour Shoppe.
  7514 | D:7      | Bought a pair of embroidered gloves for 202 gold pieces
  7561 | D:7      | Reached **** piety under Zin
  7906 | D:7      | Reached XP level 9. HP: 57/57 MP: 11/11
  8229 | D:8      | Noticed a two-headed ogre
  8248 | D:7      | Killed a two-headed ogre
  8249 | D:7      | Reached skill level 10 in Maces & Flails
  8760 | D:8      | Found an opulent altar of Gozag.
  8796 | D:8      | Found Gozag's Platinum Reserve.
  9123 | D:8      | Reached skill level 5 in Invocations
  9324 | D:8      | Reached ***** piety under Zin
  9579 | D:9      | Noticed a two-headed ogre
  9582 | D:9      | Noticed a centaur warrior
  9592 | D:9      | Killed a two-headed ogre
  9593 | D:9      | Reached skill level 11 in Maces & Flails
  9593 | D:9      | Reached XP level 10. HP: 6/65 MP: 1/14
  9593 | D:9      | HP: 1/65 [centaur warrior (5)]
  9594 | D:9      | Zin protects you from harm!
  9609 | D:9      | Killed a centaur warrior
  9960 | D:9      | Noticed a purple ugly thing
  9986 | D:9      | Killed a purple ugly thing
 10203 | D:9      | Reached skill level 12 in Maces & Flails
 10701 | D:10     | Entered Level 10 of the Dungeon
 10827 | D:10     | HP: 2/66 [troll (7)]
 10827 | D:10     | Slain by a troll

Illustrated notes

Levels and vault maps discovered:
D:1:      lightli_arrival_quake, layout_basic,
          hellmonk_ecumenical_altar_heavens_door, minivault_26,
          hangedman_decor_growths, dk_noncrumbling_3
D:2:      layout_basic
D:3:      layout_basic, serial_shops, shop,
          wander_ebering_terrifying_dragon_lair, uniq_jessica
D:4:      layout_loops_corners, uniq_blork_the_orc
D:5:      layout_basic, serial_corexii_hall, corexii_hall_statues_i,
          chequers_hall_statues_corner_a, corexii_hall_statues_t,
          corexii_hall_statues_u
D:6:      layout_rooms, gammafunk_temple_overflow_arena,
          minmay_temple_entry_slanted
D:7:      layout_loops_ring, serial_shops, nicolae_shop_advertising_works
          [nicolae_subvault_shop_adworks]
D:8:      layout_rooms, nicolae_gozag_zags_fifth_avenue, st_stairs_3
D:9:      layout_long_grid, minmay_strange_pillars
D:10:     layout_irregular_city
Temple:   mainiacjoe_temple_cubbyholes

Skill      XL: |  1  2  3  4  5  6  7  8  9 10 |
---------------+-------------------------------+-----
Fighting       | 3 4 5 7 8 9 |  9.4
Maces & Flails | 4 5 6 7 9 11 12 | 12.2
Invocations    | 3 5 6 |  6.9
Throwing       | |  1.7
Dodging        | |  2.4

Action                   |  1- 3 |  4- 6 |  7- 9 | 10-12 || total
-------------------------+-------+-------+-------+-------++-------
Melee: Flail             |    89 |   116 |     6 |   128 ||   339
       Punch             |       |     1 |     5 |     2 ||     8
       Club              |       |    42 |       |       ||    42
       Mace              |       |    12 |   369 |       ||   381
Throw: Throwing net      |       |     2 |     3 |       ||     5
Invok: Recite            |       |       |       |     1 ||     1
Evoke: Wand              |       |       |     3 |     2 ||     5
  Use: Scroll            |     1 |     6 |    10 |     1 ||    18
       Potion            |       |       |     1 |     5 ||     6
 Stab: Held in net/web   |       |     1 |     1 |       ||     2
Armor: Leather armour    |    24 |       |       |       ||    24
       Scale mail        |    13 |    84 |   211 |    84 ||   392
Dodge: Dodged            |    55 |    80 |   261 |    63 ||   459
